[Event "ICC tourney 2109 (75 10)"]
[Site "Internet Chess Club"]
[Date "2020.11.08"]
[Round "5"]
[White "bonnelleo1"]
[Black "imranchamp"]
[Result "1-0"]
[ICCResult "Black checkmated"]
[WhiteElo "1906"]
[BlackElo "1804"]
[Opening "Queen's pawn: London system"]
[ECO "A45"]
[NIC "QP.07"]
[Time "11:01:45"]
[PlyCount "107"]
[TimeControl "4500+10"]

1. d4 Nf6 2. Bf4 g6 3. e3 d6 4. Nf3 Nh5 5. Bg3 Nxg3 6. hxg3 Bg7 7. c3 Nd7
8. Qb3 h6 9. Nbd2 Nb6 10. a4 a5 11. Bd3 Be6 12. c4 c5 13. Qc2 O-O 14. Rd1
Qc7 15. b3 d5 16. cxd5 Nxd5 17. Qxc5 Qxc5 18. dxc5 Rac8 19. Nd4 Bg4 20. Rc1
Nb4 21. Be2 Bd7 22. O-O e5 23. Nb5 Na6 24. Nd6 Rxc5 25. Nxb7 Rd5 26. Bxa6
Rxd2 27. Rfd1 Rxd1+ 28. Rxd1 Bf5 29. Bc4 Rb8 30. Rd8+ Rxd8 31. Nxd8 Bf8 32.
Nxf7 e4 33. g4 Bxg4 34. Nxh6+ Kg7 35. Nxg4 Bd6 36. f3 exf3 37. gxf3 Bf4 38.
exf4 g5 39. fxg5 Kh8 40. Kf2 Kg7 41. Ke3 Kg6 42. f4 Kf5 43. Nh6+ Kg6 44.
Ke4 Kg7 45. Kf5 Kh8 46. Ng4 Kh7 47. Kf6 Kh8 48. Bd3 Kg8 49. g6 Kf8 50. Bb5
Kg8 51. Nh6+ Kh8 52. g7+ Kh7 53. g8=Q+ Kxh6 54. Qg6# { Black checkmated }
1-0

[Event "ICC tourney 2109 (75 10)"]
[Site "Internet Chess Club"]
[Date "2020.11.08"]
[Round "5"]
[White "AJ2000"]
[Black "bcooke01"]
[Result "0-1"]
[ICCResult "White resigns"]
[WhiteElo "1654"]
[BlackElo "1919"]
[Opening "French: Tarrasch, closed variation"]
[ECO "C05"]
[NIC "FR.16"]
[Time "11:01:42"]
[PlyCount "100"]
[TimeControl "4500+10"]

1. e4 e6 2. d4 d5 3. Nd2 Nf6 4. e5 Nfd7 5. f4 c5 6. c3 b6 7. Ngf3 Ba6 8.
Bxa6 Nxa6 9. O-O Be7 10. Re1 Qc7 11. Nf1 cxd4 12. cxd4 Nb4 13. Be3 Qc2 14.
a3 Qxd1 15. Rexd1 Nc2 16. Rac1 Nxe3 17. Nxe3 Kd8 18. Rd3 Rc8 19. Rdc3 Rxc3
20. Rxc3 Nb8 21. f5 Kd7 22. f6 gxf6 23. exf6 Bd6 24. Ng4 Nc6 25. Nge5+ Nxe5
26. Nxe5+ Bxe5 27. dxe5 h5 28. Kf2 Rg8 29. Kf3 Rg5 30. Re3 a6 31. g3 Rf5+
32. Ke2 b5 33. b4 Kc6 34. Kd3 Rf2 35. h3 Rh2 36. h4 Ra2 37. Kd4 Rd2+ 38.
Kc3 Rd1 39. Kc2 Rd4 40. Kc3 Rc4+ 41. Kd3 d4 42. Re2 Kd5 43. Kd2 Rc3 44. g4
hxg4 45. h5 Rh3 46. Rg2 g3 47. h6 Rh2 48. Rxh2 gxh2 49. h7 h1=Q 50. h8=Q
Qxh8 { White resigns } 0-1

[Event "ICC tourney 2109 (75 10)"]
[Site "Internet Chess Club"]
[Date "2020.11.08"]
[Round "5"]
[White "irisl"]
[Black "bg26723"]
[Result "1/2-1/2"]
[ICCResult "Game drawn by repetition"]
[WhiteElo "1489"]
[BlackElo "1900"]
[Opening "Caro-Kann: exchange, Rubinstein variation"]
[ECO "B13"]
[NIC "CK.02"]
[Time "11:01:38"]
[PlyCount "68"]
[TimeControl "4500+10"]

1. e4 c6 2. d4 d5 3. exd5 cxd5 4. Bd3 Nf6 5. c3 Nc6 6. Bf4 Bg4 7. Nf3 e6 8.
Nbd2 Bd6 9. Bxd6 Qxd6 10. O-O O-O 11. h3 Bh5 12. Re1 Rfe8 13. Qb3 b6 14.
Ne5 Nd7 15. Ndf3 Ncxe5 16. Nxe5 Nxe5 17. Rxe5 Bg6 18. Bxg6 hxg6 19. Rae1
Rec8 20. a4 a6 21. Qd1 Rc4 22. R1e3 Qc6 23. a5 bxa5 24. h4 Re8 25. Rg3 a4
26. h5 a3 27. hxg6 fxg6 28. Qb1 a2 29. Qxa2 Rxd4 30. cxd4 Qc1+ 31. Kh2 Qh6+
32. Kg1 Qc1+ 33. Kh2 Qh6+ 34. Kg1 Qc1+ { Game drawn by repetition } 1/2-1/2

[Event "ICC tourney 2109 (75 10)"]
[Site "Internet Chess Club"]
[Date "2020.11.08"]
[Round "5"]
[White "IAlwaysWin"]
[Black "Vish1080"]
[Result "1/2-1/2"]
[ICCResult "Black stalemated"]
[WhiteElo "1968"]
[BlackElo "1811"]
[Opening "Réti: Nimzovich-Larsen attack"]
[ECO "A06"]
[NIC "QP.09"]
[Time "11:02:08"]
[PlyCount "145"]
[TimeControl "4500+10"]

1. Nf3 d5 2. b3 Nf6 3. Bb2 g6 4. e3 Bg7 5. c4 c6 6. Nc3 O-O 7. Rc1 a6 8. d4
Ne4 9. cxd5 cxd5 10. Nxe4 dxe4 11. Nd2 f5 12. Be2 b6 13. Qc2 Be6 14. O-O b5
15. a4 bxa4 16. bxa4 Ra7 17. Qc5 Rb7 18. Ba3 Qd5 19. Bc4 Qd7 20. Nb3 Kh8
21. Na5 Rc7 22. Bxe6 Rxc5 23. Bxd7 Rxc1 24. Rxc1 Nxd7 25. Rc7 Nb6 26. Bxe7
Re8 27. Bc5 Nxa4 28. Ra7 Nxc5 29. dxc5 Rc8 30. Rxa6 Rxc5 31. g4 Bc3 32. Nb7
Rb5 33. Nd6 Rb1+ 34. Kg2 fxg4 35. Nxe4 Be5 36. Ng5 Rb7 37. Re6 Bb8 38. Ne4
Kg7 39. Nc5 Rf7 40. e4 Ba7 41. Nd3 Rf3 42. Rd6 Rf6 43. Rd5 h5 44. e5 Rf7
45. Kg3 Rf3+ 46. Kg2 Rf7 47. Rd8 Re7 48. f4 gxf3+ 49. Kxf3 Bb6 50. Rd5 g5
51. Ke4 Bg1 52. h3 Bh2 53. Kf5 g4 54. hxg4 hxg4 55. Kxg4 Kf7 56. Nf4 Bxf4
57. Kxf4 Rc7 58. Kf5 Rc1 59. e6+ Ke7 60. Rd7+ Ke8 61. Rd4 Rf1+ 62. Ke5 Re1+
63. Kd6 Ra1 64. Rd5 Ra6+ 65. Ke5 Ra1 66. Rb5 Re1+ 67. Kd6 Rd1+ 68. Rd5
Rxd5+ 69. Kxd5 Ke7 70. Ke5 Ke8 71. Kd6 Kd8 72. e7+ Ke8 73. Ke6 { Black
stalemated } 1/2-1/2

[Event "ICC tourney 2109 (75 10)"]
[Site "Internet Chess Club"]
[Date "2020.11.08"]
[Round "5"]
[White "canary2016"]
[Black "KittiesRock18"]
[Result "1-0"]
[ICCResult "Black resigns"]
[WhiteElo "1931"]
[BlackElo "1807"]
[Opening "QGD Slav: 3.Nf3"]
[ECO "D11"]
[NIC "SL.01"]
[Time "11:01:47"]
[PlyCount "133"]
[TimeControl "4500+10"]

1. d4 d5 2. c4 c6 3. Nf3 Nf6 4. g3 Bf5 5. Nc3 dxc4 6. Bg2 Nbd7 7. O-O e6 8.
Bg5 h6 9. Bf4 Nd5 10. Bd2 Bb4 11. Rc1 Nxc3 12. Bxc3 Bxc3 13. Rxc3 O-O 14.
Rxc4 Nb6 15. Rc5 Qd6 16. e3 Nd7 17. Rc1 e5 18. dxe5 Qe6 19. Qa4 Nxe5 20.
Nxe5 Qxe5 21. Qb4 Rab8 22. Rfd1 Be6 23. Qa3 Qf6 24. Rd6 Rbd8 25. Rcd1 Rxd6
26. Rxd6 Qe7 27. Rd3 Qxa3 28. Rxa3 Ra8 29. Kf1 Kf8 30. b3 Ke7 31. Ra4 Kd6
32. Ke2 Kc5 33. Rd4 a5 34. Be4 Bh3 35. f3 Be6 36. Bc2 b6 37. g4 Bd5 38. h4
Re8 39. Bf5 g6 40. Bc2 Re5 41. a3 f6 42. b4+ axb4 43. axb4+ Kd6 44. Bxg6 c5
45. bxc5+ bxc5 46. Rf4 Ke7 47. Rf5 Ke6 48. Rxe5+ Kxe5 49. f4+ Kd6 50. Kd3
Bg2 51. e4 Bf1+ 52. Kc3 Be2 53. Bf5 Bf3 54. g5 hxg5 55. hxg5 fxg5 56. fxg5
Be2 57. g6 Ke7 58. e5 Kf8 59. Bd3 Bxd3 60. Kxd3 Kg7 61. Kc4 Kxg6 62. Kxc5
Kf7 63. Kd6 Ke8 64. Ke6 Kd8 65. Kf7 Kc7 66. e6 Kc6 67. e7 { Black resigns }
1-0

[Event "ICC tourney 2109 (75 10)"]
[Site "Internet Chess Club"]
[Date "2020.11.08"]
[Round "5"]
[White "rmauskopf24"]
[Black "SparkyNinja"]
[Result "1-0"]
[ICCResult "Black checkmated"]
[WhiteElo "1752"]
[BlackElo "1541"]
[Opening "Nimzo-Indian defense"]
[ECO "E20"]
[NIC "NI.30"]
[Time "11:01:40"]
[PlyCount "83"]
[TimeControl "4500+10"]

1. d4 Nf6 2. c4 e6 3. Nc3 Bb4 4. Bd2 O-O 5. Nf3 d5 6. e3 b6 7. cxd5 exd5 8.
Rc1 c5 9. a3 Bxc3 10. Bxc3 c4 11. Be2 Nc6 12. O-O Ne4 13. b3 Nxc3 14. Rxc3
b5 15. Ne5 Nxe5 16. dxe5 Be6 17. f4 Bf5 18. Qd4 a5 19. Bf3 b4 20. axb4 axb4
21. Rcc1 Bd3 22. Rfd1 Ra5 23. bxc4 dxc4 24. Rxc4 Qxd4 25. Rxd4 Bc2 26. R1d2
b3 27. Rb4 Ra2 28. Bd5 Rb2 29. e4 g6 30. g4 Kg7 31. f5 gxf5 32. exf5 Rc8
33. Rb7 Rb1+ 34. Kf2 b2 35. Bxf7 Rc7 36. Rxc7 Rf1+ 37. Kg3 Rg1+ 38. Kh4
Rxg4+ 39. Kxg4 Bxf5+ 40. Kf4 b1=Q 41. Ba2+ Kh8 42. Rd8# { Black checkmated
} 1-0

[Event "ICC tourney 2109 (75 10)"]
[Site "Internet Chess Club"]
[Date "2020.11.08"]
[Round "5"]
[White "wahoo"]
[Black "wulovechess"]
[Result "0-1"]
[ICCResult "White checkmated"]
[WhiteElo "1619"]
[BlackElo "1636"]
[Opening "Giuoco Pianissimo"]
[ECO "C55"]
[NIC "IG.01"]
[Time "11:01:41"]
[PlyCount "122"]
[TimeControl "4500+10"]

1. e4 e5 2. Nf3 Nc6 3. Bc4 Nf6 4. d3 Bc5 5. c3 Bb6 6. O-O O-O 7. h3 d6 8.
Bg5 Be6 9. Bb5 h6 10. Bh4 a6 11. Ba4 Qe7 12. Nbd2 Rad8 13. Re1 Bc5 14. c4
Nd4 15. Nxd4 Bxd4 16. Rb1 b5 17. Bc2 bxc4 18. dxc4 Rb8 19. b3 c6 20. Nf3
Bc5 21. Qd3 Rfe8 22. Rbd1 Bb4 23. Re2 Bc5 24. Ra1 a5 25. a3 Rb7 26. Qc3 Ra8
27. Qd3 g5 28. Nxg5 hxg5 29. Bxg5 Bd4 30. Ra2 Kg7 31. Qg3 Nh5 32. Qh4 f6
33. Qxh5 fxg5 34. Qf3 Rf8 35. Qg3 Rf4 36. Bd1 g4 37. Rad2 c5 38. Ra2 a4 39.
Rad2 axb3 40. Bxb3 Qg5 41. h4 Qh5 42. a4 Rxb3 43. Qxb3 Rf3 44. gxf3 gxf3
45. Qb7+ Kg6 46. Rd3 Qg4+ 47. Kf1 fxe2+ 48. Ke1 Qg1+ 49. Kxe2 Qxf2+ 50. Kd1
Bg4+ 51. Kc1 Qf1+ 52. Kc2 Qe2+ 53. Rd2 Qxc4+ 54. Kb1 Qxa4 55. h5+ Bxh5 56.
Rg2+ Kf6 57. Qg7+ Ke6 58. Qh6+ Kd7 59. Rg7+ Kc6 60. Rg3 Qa1+ 61. Kc2 Qd1# {
White checkmated } 0-1

[Event "ICC tourney 2109 (75 10)"]
[Site "Internet Chess Club"]
[Date "2020.11.08"]
[Round "5"]
[White "karuto2006"]
[Black "cdj12417489"]
[Result "1-0"]
[ICCResult "Black resigns"]
[WhiteElo "1717"]
[BlackElo "1257"]
[Opening "Sicilian: Najdorf, Byrne (English) attack"]
[ECO "B90"]
[NIC "SI.14"]
[Time "11:01:59"]
[PlyCount "59"]
[TimeControl "4500+10"]

1. e4 c5 2. Nf3 d6 3. d4 cxd4 4. Nxd4 Nf6 5. Nc3 a6 6. Be3 b5 7. f3 Bb7 8.
Qd2 Qc7 9. Bd3 Nbd7 10. O-O Ne5 11. Qf2 Nc4 12. Bxc4 Qxc4 13. Nb3 Qc7 14.
Bb6 Qd7 15. Rad1 e5 16. f4 Nxe4 17. Nxe4 Bxe4 18. fxe5 d5 19. Nc5 Bxc5 20.
Bxc5 O-O-O 21. Bd6 Qc6 22. Qa7 Qb7 23. Qc5+ Kd7 24. Rxf7+ Ke6 25. Rxb7 Rc8
26. Re7+ Kf5 27. Rf1+ Kg6 28. Re6+ Kh5 29. Qe3 Rxc2 30. Qh3+ { Black
resigns } 1-0

[Event "ICC tourney 2109 (75 10)"]
[Site "Internet Chess Club"]
[Date "2020.11.08"]
[Round "5"]
[White "Mozart1"]
[Black "andrewf2009"]
[Result "1-0"]
[ICCResult "Black resigns"]
[WhiteElo "1853"]
[BlackElo "1707"]
[Opening "Sicilian"]
[ECO "B56"]
[NIC "SI.25"]
[Time "11:01:36"]
[PlyCount "59"]
[TimeControl "4500+10"]

1. e4 c5 2. Nf3 Nc6 3. d4 cxd4 4. Nxd4 Nf6 5. Nc3 d6 6. h3 e5 7. Nde2 Be6
8. g4 Be7 9. g5 Nd7 10. h4 Nc5 11. Be3 a6 12. f4 exf4 13. Nxf4 Ne5 14. Nxe6
fxe6 15. Bh3 Qc8 16. Bxc5 Qxc5 17. Bxe6 Qe3+ 18. Qe2 Nf3+ 19. Kd1 Qd4+ 20.
Qd3 Rf8 21. Qxd4 Nxd4 22. Bg4 Rf4 23. Be2 Kd7 24. Nd5 Rf2 25. Bg4+ Kd8 26.
c3 Nc6 27. Be2 Ne5 28. Kd2 Rc8 29. Raf1 Rc5 30. Rxf2 { Black resigns } 1-0

[Event "ICC tourney 2109 (75 10)"]
[Site "Internet Chess Club"]
[Date "2020.11.08"]
[Round "5"]
[White "StevChess01"]
[Black "fireheart"]
[Result "1-0"]
[ICCResult "Black checkmated"]
[WhiteElo "1728"]
[BlackElo "1576"]
[Opening "Modern defense: Averbakh system"]
[ECO "A40"]
[NIC "KF.02"]
[Time "11:01:41"]
[PlyCount "127"]
[TimeControl "4500+10"]

1. d4 g6 2. e4 Bg7 3. c4 d6 4. Nc3 Nd7 5. Be3 e5 6. Nge2 f5 7. f3 Ngf6 8.
exf5 gxf5 9. dxe5 dxe5 10. Qd3 Nb6 11. Qxd8+ Kxd8 12. O-O-O+ Ke7 13. Nd5+
Nbxd5 14. cxd5 b6 15. Nc3 a6 16. a4 Nd7 17. Bd3 Nc5 18. Bg5+ Bf6 19. Bxf6+
Kxf6 20. Bc4 Rd8 21. Rhf1 Nxa4 22. Nxa4 b5 23. Bb3 bxa4 24. Bxa4 Bb7 25.
Bb3 Rd6 26. Rd3 Rad8 27. Rc3 R8d7 28. Rd1 e4 29. fxe4 fxe4 30. Re1 Re7 31.
Rce3 Kf5 32. Rf1+ Ke5 33. Rfe1 Bxd5 34. Bxd5 Kxd5 35. Rd1+ Kc5 36. Kc2 Rxd1
37. Kxd1 Kd4 38. Ke2 c5 39. Rh3 Rb7 40. b3 Rg7 41. Kf2 a5 42. g4 Rf7+ 43.
Ke2 Rg7 44. Rg3 Rb7 45. h4 c4 46. bxc4 Rb2+ 47. Kf1 Kxc4 48. h5 Rb3 49.
Rxb3 Kxb3 50. g5 Kc2 51. Ke2 a4 52. g6 hxg6 53. h6 a3 54. h7 a2 55. h8=Q
Kb1 56. Qb8+ Kc2 57. Qe5 Kb1 58. Qxe4+ Kb2 59. Qb4+ Kc2 60. Qa3 Kb1 61.
Qb3+ Ka1 62. Kd2 g5 63. Kc2 g4 64. Qb2# { Black checkmated } 1-0

[Event "ICC tourney 2109 (75 10)"]
[Site "Internet Chess Club"]
[Date "2020.11.08"]
[Round "5"]
[White "saisneha"]
[Black "joeandjoe56"]
[Result "1-0"]
[ICCResult "Black resigns"]
[WhiteElo "1880"]
[BlackElo "1726"]
[Opening "Grünfeld defense"]
[ECO "D80"]
[NIC "GI.03"]
[Time "11:01:42"]
[PlyCount "65"]
[TimeControl "4500+10"]

1. d4 Nf6 2. c4 g6 3. Nc3 d5 4. c5 Bg7 5. Bf4 O-O 6. e3 c6 7. Bd3 b6 8. b4
bxc5 9. bxc5 Qa5 10. Ne2 Nbd7 11. O-O Nh5 12. Bg5 e5 13. Be7 Re8 14. Bd6
exd4 15. exd4 Ba6 16. Rb1 Nhf6 17. Qc2 Bxd3 18. Qxd3 Ne4 19. Nxe4 Rxe4 20.
Rb2 Rae8 21. h3 Qd8 22. Qa6 Nf8 23. Nc3 Rxd4 24. Qxc6 Qd7 25. Qa6 Qf5 26.
Qxa7 Rc4 27. Re2 Rxe2 28. Nxe2 d4 29. Qa6 Rc2 30. Bxf8 Kxf8 31. Qd6+ Ke8
32. Nxd4 Bxd4 33. Re1+ { Black resigns } 1-0

[Event "ICC tourney 2109 (75 10)"]
[Site "Internet Chess Club"]
[Date "2020.11.08"]
[Round "5"]
[White "xyzchessdude"]
[Black "Priccchess"]
[Result "1-0"]
[ICCResult "Black resigns"]
[WhiteElo "2014"]
[BlackElo "1770"]
[Opening "English: Neo-Catalan"]
[ECO "A13"]
[NIC "RE.11"]
[Time "11:01:37"]
[PlyCount "139"]
[TimeControl "4500+10"]

1. Nf3 d5 2. c4 e6 3. g3 Nf6 4. Bg2 Bd6 5. O-O O-O 6. b3 c5 7. cxd5 exd5 8.
d4 Nc6 9. Bb2 Be6 10. Nc3 a6 11. Rc1 cxd4 12. Nxd4 Rc8 13. e3 Nxd4 14. Qxd4
Bc5 15. Qd3 Qd7 16. Rfd1 Rfd8 17. Na4 Be7 18. Nb6 Rxc1 19. Nxd7 Rxd1+ 20.
Qxd1 Bxd7 21. h4 Bg4 22. Bf3 Be6 23. Bd4 Ne4 24. Qa1 f6 25. Qb2 Rc8 26. Kg2
Rc6 27. Be2 Bf5 28. g4 Bg6 29. h5 Bf7 30. Bd3 Be6 31. f3 Ng5 32. Qb1 Bc5
33. Bxc5 Rxc5 34. Qb2 Bd7 35. h6 Bc6 36. Kg3 Nf7 37. b4 Ne5 38. bxc5 Nxd3
39. Qd4 Ne5 40. hxg7 Kxg7 41. g5 Nd7 42. Kf4 Kg6 43. Qd3+ Kg7 44. gxf6+
Nxf6 45. Kg5 h6+ 46. Kf4 Nd7 47. Qd4+ Kg6 48. Kg4 Nf6+ 49. Kh4 Kf7 50. Qf4
Kg7 51. Qe5 Kg6 52. Qe6 Bd7 53. Qd6 Bc6 54. Kg3 Kf5 55. Qf8 Kg6 56. Kf4 a5
57. a3 a4 58. Qe7 Nd7 59. Qe8+ Kf6 60. Qh8+ Kg6 61. Qg8+ Kf6 62. Qh7 Nxc5
63. Qxh6+ Ke7 64. Qg7+ Ke6 65. Qg8+ Ke7 66. Kf5 Bd7+ 67. Ke5 Be6 68. Qg7+
Bf7 69. Qf6+ Ke8 70. Kd6 { Black resigns } 1-0

[Event "ICC tourney 2109 (75 10)"]
[Site "Internet Chess Club"]
[Date "2020.11.08"]
[Round "5"]
[White "hpu2005"]
[Black "HarleyQueen8"]
[Result "1/2-1/2"]
[ICCResult "Game drawn by mutual agreement"]
[WhiteElo "1958"]
[BlackElo "1888"]
[Opening "Queen's gambit accepted"]
[ECO "D20"]
[NIC "QG.03"]
[Time "11:01:38"]
[PlyCount "182"]
[TimeControl "4500+10"]

1. d4 d5 2. c4 dxc4 3. Nc3 Nf6 4. e3 e6 5. Bxc4 c5 6. Nf3 a6 7. O-O b5 8.
Be2 Bb7 9. b3 Be7 10. dxc5 Qxd1 11. Rxd1 Bxc5 12. Bb2 Nbd7 13. Rac1 Ke7 14.
a4 b4 15. Nb1 Rhc8 16. Nbd2 Bd5 17. Ne5 Nxe5 18. Bxe5 Ne8 19. Rc2 f6 20.
Bb2 Bb7 21. Rdc1 Ba7 22. Nc4 Bd5 23. Nb6 Rxc2 24. Nxd5+ exd5 25. Rxc2 Kd6
26. Bc4 dxc4 27. Rxc4 a5 28. Kf1 Nc7 29. Ke2 Ne6 30. h3 Nc5 31. Rg4 g6 32.
Rh4 h5 33. g4 hxg4 34. Rxg4 Rg8 35. Bxf6 Nxb3 36. h4 Ke6 37. Bb2 Nc5 38.
Bd4 Bb6 39. h5 Nxa4 40. Ba1 Kf5 41. f3 Nc3+ 42. Bxc3 bxc3 43. Rf4+ Kg5 44.
hxg6 Rxg6 45. Rc4 Re6 46. Rxc3 Kf5 47. Rb3 Kf6 48. e4 Ke5 49. Kd3 Rc6 50.
Rb5+ Ke6 51. f4 Bc7 52. Rg5 a4 53. Rg6+ Kd7 54. Rg7+ Kc8 55. Rg8+ Kb7 56.
e5 Rc1 57. Rg2 Rf1 58. Ke4 Kb6 59. Kf5 Kb5 60. Rb2+ Ka5 61. Rc2 Bb8 62. Rc8
Rb1 63. e6 Rb7 64. e7 Rxe7 65. Rxb8 a3 66. Ra8+ Kb4 67. Kf6 Re1 68. f5 Kb3
69. Rb8+ Kc4 70. Rc8+ Kb4 71. Rb8+ Kc5 72. Rc8+ Kd6 73. Rd8+ Kc5 74. Rc8+
Kb6 75. Ra8 Re3 76. Kg6 Rg3+ 77. Kf7 Kb7 78. Ra4 Kb6 79. f6 Kb5 80. Ra8 Kb4
81. Kf8 Kb3 82. f7 Rf3 83. Ke7 Kb2 84. Rb8+ Ka1 85. f8=Q Rxf8 86. Kxf8 a2
87. Re8 Kb2 88. Re2+ Kb1 89. Re1+ Kb2 90. Re2+ Kb1 91. Re1+ Kb2 { Game
drawn by mutual agreement } 1/2-1/2

[Event "ICC tourney 2109 (75 10)"]
[Site "Internet Chess Club"]
[Date "2020.11.08"]
[Round "5"]
[White "alexsaidfeghhi"]
[Black "advaith06"]
[Result "1-0"]
[ICCResult "Black resigns"]
[WhiteElo "1930"]
[BlackElo "1944"]
[Opening "Sicilian: Alapin's variation (2.c3)"]
[ECO "B22"]
[NIC "SI.46"]
[Time "11:02:28"]
[PlyCount "149"]
[TimeControl "4500+10"]

1. e4 c5 2. c3 Nf6 3. e5 Nd5 4. Bc4 e6 5. d4 cxd4 6. Bxd5 exd5 7. Qxd4 Qa5
8. b4 Qb5 9. a4 Qc6 10. b5 Qc5 11. Ne2 Qxd4 12. cxd4 d6 13. Nbc3 Be6 14.
Ba3 dxe5 15. Bxf8 Rxf8 16. dxe5 Nd7 17. f4 Nb6 18. O-O g6 19. a5 Nc4 20. a6
O-O-O 21. axb7+ Kxb7 22. Nd4 Ra8 23. Ra6 Nb6 24. Nb3 Bc8 25. Rd1 Kb8 26.
Ra5 Bb7 27. Nc5 Rc8 28. Nxb7 Rxc3 29. Nd8 Rc7 30. Nc6+ Kb7 31. Rda1 a6 32.
Nd4 axb5 33. Rxa8 Nxa8 34. Nxb5 Rc5 35. Nd6+ Kb8 36. Rb1+ Kc7 37. Rb7+ Kc6
38. Rxf7 Nc7 39. Rxh7 d4 40. Kf2 Rc2+ 41. Kf3 d3 42. Ne4 d2 43. Ke2 Nd5 44.
Nxd2 Nxf4+ 45. Kd1 Rc5 46. Rg7 Rxe5 47. g3 Nd3 48. Rxg6+ Kd5 49. Nf3 Re3
50. Ng5 Kd4 51. Kd2 Ne5 52. Rd6+ Kc5 53. Kxe3 Kxd6 54. Kf4 Nd3+ 55. Kf5 Ke7
56. Kg6 Kf8 57. Nf3 Kg8 58. h4 Nc5 59. Ne5 Ne6 60. Kf6 Ng7 61. g4 Kh7 62.
Kf7 Kh8 63. Nd7 Kh7 64. Nf6+ Kh8 65. g5 Nf5 66. h5 Nh4 67. Nd7 Nf3 68. Kf6
Kg8 69. g6 Nd4 70. h6 Nc6 71. Ne5 Nd8 72. h7+ Kh8 73. Nf7+ Nxf7 74. gxf7
Kxh7 75. Ke7 { Black resigns } 1-0

[Event "ICC tourney 2109 (75 10)"]
[Site "Internet Chess Club"]
[Date "2020.11.08"]
[Round "6"]
[White "KittiesRock18"]
[Black "clair"]
[Result "1-0"]
[ICCResult "Black checkmated"]
[WhiteElo "1826"]
[BlackElo "1628"]
[Opening "Robatsch (modern) defense"]
[ECO "B06"]
[NIC "KF.06"]
[Time "14:32:13"]
[PlyCount "73"]
[TimeControl "4500+10"]

1. e4 g6 2. Nf3 Bg7 3. d4 e6 4. Bg5 Ne7 5. Bc4 h6 6. Bf4 d5 7. exd5 exd5 8.
Bb3 O-O 9. O-O c6 10. c3 Nd7 11. Re1 Nf5 12. Bc2 Nf6 13. Ne5 Be6 14. Nxg6
Re8 15. Ne5 Nd7 16. Nxf7 Qf6 17. Ne5 Nxe5 18. Bxe5 Qg6 19. Qf3 Qg5 20. Bxg7
Kxg7 21. Re5 Nh4 22. Rxg5+ hxg5 23. Qh5 Bf7 24. Qxg5+ Ng6 25. Nd2 Rg8 26.
Bxg6 Bxg6 27. Qe7+ Bf7 28. Nf3 Rae8 29. Qxb7 Rb8 30. Qxc6 Rxb2 31. Ng5 Kf8
32. Qc5+ Ke8 33. Re1+ Kd7 34. Nxf7 Re8 35. Qd6+ Kc8 36. Rxe8+ Kb7 37. Rb8#
{ Black checkmated } 1-0

[Event "ICC tourney 2109 (75 10)"]
[Site "Internet Chess Club"]
[Date "2020.11.08"]
[Round "6"]
[White "Chess121"]
[Black "Natey"]
[Result "0-1"]
[ICCResult "White checkmated"]
[WhiteElo "1470"]
[BlackElo "1724"]
[Opening "Queen's pawn: London system"]
[ECO "A45"]
[NIC "QP.07"]
[Time "14:31:54"]
[PlyCount "150"]
[TimeControl "4500+10"]

1. d4 Nf6 2. Bf4 g6 3. e3 Bg7 4. h3 O-O 5. Nf3 d5 6. Nbd2 c5 7. c3 Nc6 8.
dxc5 a5 9. a3 Nd7 10. b4 Bxc3 11. Rc1 axb4 12. axb4 Bxb4 13. Qb3 Nxc5 14.
Qb2 Ba3 15. Qc3 Bxc1 16. Bh6 Bxd2+ 17. Nxd2 Ne6 18. Bxf8 Nxf8 19. h4 Qa5
20. Qxa5 Nxa5 21. Bd3 e5 22. O-O Nc6 23. e4 d4 24. Nf3 Bg4 25. Nd2 Ra3 26.
Bc4 Be6 27. Bb5 Ra2 28. Nc4 Bxc4 29. Bxc4 Rb2 30. Bd5 Nd7 31. Rc1 Nf6 32.
Bxc6 bxc6 33. Rxc6 Nxe4 34. Rc8+ Kg7 35. Re8 d3 36. Rxe5 d2 37. Rxe4 d1=Q+
38. Kh2 Rxf2 39. Re3 Qd2 40. Rg3 Kh6 41. h5 Kxh5 42. Rh3+ Kg5 43. Rg3+ Kf6
44. Kh3 Rxg2 45. Rxg2 Qxg2+ 46. Kxg2 Kg5 47. Kg3 f5 48. Kf3 h5 49. Kg3 f4+
50. Kg2 Kg4 51. Kf2 f3 52. Kg1 Kg3 53. Kf1 f2 54. Ke2 Kg2 55. Ke3 f1=Q 56.
Ke4 Qf3+ 57. Kd4 Kg3 58. Ke5 Kg4 59. Kd6 h4 60. Ke5 h3 61. Kd6 h2 62. Ke5
h1=Q 63. Kd6 Kh3 64. Ke5 g5 65. Kd6 g4 66. Ke5 g3 67. Kd6 g2 68. Ke5 g1=Q
69. Kd6 Qe1 70. Kc5 Qhg2 71. Kb6 Qgd2 72. Kb5 Qfc3 73. Ka6 Qec1 74. Kb5
Qdb2+ 75. Ka6 Qca1# { White checkmated } 0-1

[Event "ICC tourney 2109 (75 10)"]
[Site "Internet Chess Club"]
[Date "2020.11.08"]
[Round "6"]
[White "wangfang75"]
[Black "chessisthebest1"]
[Result "1-0"]
[ICCResult "Black checkmated"]
[WhiteElo "1862"]
[BlackElo "1816"]
[Opening "Sicilian: Najdorf"]
[ECO "B90"]
[NIC "SI.14"]
[Time "14:32:28"]
[PlyCount "49"]
[TimeControl "4500+10"]

1. e4 c5 2. Nf3 d6 3. d4 cxd4 4. Nxd4 Nf6 5. Nc3 a6 6. f3 e5 7. Nb3 Be6 8.
Be3 h5 9. Qd2 Nbd7 10. Be2 Be7 11. O-O O-O 12. Kh1 b5 13. Nd5 Bxd5 14. exd5
Nb6 15. Bxb6 Qxb6 16. f4 exf4 17. Rxf4 g6 18. Raf1 Nd7 19. R4f3 Ne5 20. Rg3
Kh7 21. Bxh5 gxh5 22. Rf5 Ng6 23. Rxh5+ Kg7 24. Qh6+ Kf6 25. Rf3# { Black
checkmated } 1-0

[Event "ICC tourney 2109 (75 10)"]
[Site "Internet Chess Club"]
[Date "2020.11.08"]
[Round "6"]
[White "DanielA1926"]
[Black "StevChess01"]
[Result "1/2-1/2"]
[ICCResult "Game drawn by mutual agreement"]
[WhiteElo "1555"]
[BlackElo "1717"]
[Opening "King's Indian: 5.Nf3"]
[ECO "E90"]
[NIC "KI.22"]
[Time "14:32:00"]
[PlyCount "37"]
[TimeControl "4500+10"]

1. d4 Nf6 2. Nf3 d6 3. c4 g6 4. Nc3 Bg7 5. e4 Bg4 6. Bg5 Nbd7 7. Qd2 Bxf3
8. gxf3 e5 9. d5 a5 10. Bh6 O-O 11. Bxg7 Kxg7 12. O-O-O Nh5 13. Ne2 Qh4 14.
Ng3 Nf4 15. Bd3 Qh6 16. Kb1 Nc5 17. Bc2 Nh3 18. Qe2 Nf4 19. Qd2 { Game
drawn by mutual agreement } 1/2-1/2

[Event "ICC tourney 2109 (75 10)"]
[Site "Internet Chess Club"]
[Date "2020.11.08"]
[Round "6"]
[White "bcooke01"]
[Black "PearsonH"]
[Result "1-0"]
[ICCResult "Black resigns"]
[WhiteElo "1930"]
[BlackElo "1758"]
[Opening "QGD: Orthodox defense, Botvinnik variation"]
[ECO "D60"]
[NIC "QO.12"]
[Time "14:32:01"]
[PlyCount "55"]
[TimeControl "4500+10"]

1. d4 e6 2. c4 d5 3. Nc3 Nf6 4. Nf3 Be7 5. Bg5 O-O 6. e3 Nbd7 7. Bd3 dxc4
8. Bxc4 b6 9. Rc1 Bb7 10. O-O c5 11. Qe2 h6 12. Bh4 cxd4 13. exd4 Re8 14.
Ne5 Nxe5 15. dxe5 Nd5 16. Bxe7 Nxc3 17. Rxc3 Qxe7 18. Rd1 Red8 19. Rcd3
Rxd3 20. Qxd3 Qg5 21. Qg3 Qxg3 22. hxg3 Rc8 23. b3 Bc6 24. Ba6 Rc7 25. Rc1
Kf8 26. Bb5 Bxb5 27. Rxc7 a5 28. Rb7 { Black resigns } 1-0

[Event "ICC tourney 2109 (75 10)"]
[Site "Internet Chess Club"]
[Date "2020.11.08"]
[Round "6"]
[White "Nikhilp"]
[Black "SridharCCA70"]
[Result "1-0"]
[ICCResult "Black resigns"]
[WhiteElo "1751"]
[BlackElo "1559"]
[Opening "Alekhine's defense: four pawns attack, 6...Nc6"]
[ECO "B02"]
[NIC "AL.07"]
[Time "14:31:59"]
[PlyCount "63"]
[TimeControl "4500+10"]

1. e4 Nf6 2. e5 Nd5 3. c4 Nb6 4. d4 d6 5. f4 dxe5 6. fxe5 Nc6 7. Nf3 Bg4 8.
Be3 e6 9. Nc3 Bxf3 10. gxf3 Bb4 11. Qd2 Qd7 12. a3 Bxc3 13. Qxc3 O-O-O 14.
O-O-O h6 15. f4 Qe7 16. Bg2 Qh4 17. d5 Nb8 18. Bxb6 axb6 19. Qf3 g5 20.
dxe6 Nc6 21. exf7 Rdf8 22. Qh3+ Qxh3 23. Bxh3+ Kb8 24. e6 Ne7 25. f5 h5 26.
f6 Nc6 27. Bg2 Ne5 28. e7 Ng4 29. Rhe1 Nxf6 30. exf8=Q+ Rxf8 31. Rf1 Ng4
32. Rde1 { Black resigns } 1-0